 Dungeon Crawl Stone Soup version 0.17-a0-1115-g0372368 (webtiles) character file.

44 futacatgirl the Sneak (level 3, -1/28 HPs)
             Began as a Naga Enchanter on May 23, 2015.
             Slain by a gnoll
             ... wielding a +1 whip of electrocution
              (4 damage)
             ... on level 1 of the Dungeon.
             The game lasted 00:04:37 (1525 turns).

futacatgirl the Sneak (Naga Enchanter)              Turns: 1525, Time: 00:04:37

Health: -1/28      AC:  3    Str: 10    XL:     3   Next: 62%
Magic:  11/15      EV: 10    Int: 16    God:
Gold:   20         SH:  0    Dex: 11    Spells: 3 memorised, 0 levels left

rFire  . . .     SeeInvis +     f - +1 dagger (freeze)
rCold  . . .     Clarity  .     b - +1 robe
rNeg   . . .     SustAt   .     (no shield)
rPois  +         Gourm    .     (no helmet)
rElec  .         Spirit   .     (no cloak)
rCorr  .         Warding  .     (no gloves)
rMut   .         Stasis   .     (no barding)
MR     .....                    (no amulet)
Stlth  +++.......               (no ring)
                                j - ring of magical power {MP+9}

@: very slightly contaminated, very slow, not resistant to hostile enchantments,
fairly stealthy
A: see invisible, deformed body, poison resistance, slowness 2, slow metabolism
1, spit poison 2, AC +1
a: Spit Poison


You were on level 1 of the Dungeon.
You were not hungry.

You visited 1 branch of the dungeon, and saw 1 of its levels.

You collected 20 gold pieces.

Inventory:

Hand weapons
 f - a +1 dagger of freezing (weapon)
   (You took it off a kobold on level 1 of the Dungeon)
Armour
 b - a +1 robe (worn)
Jewellery
 j - a ring of magical power (left hand) {MP+9}
   (You found it on level 1 of the Dungeon)
Scrolls
 e - a scroll of remove curse {unknown}
 i - a scroll of identify {unknown}
Potions
 g - a potion of haste {unknown}
 h - a potion of flight {unknown}
Books
 c - a book of Maledictions
Comestibles
 a - a beef jerky
 d - 2 bread rations {@e1}


   Skills:
 + Level 1.4 Short Blades
 + Level 2.3 Dodging
 * Level 5.2 Stealth
 - Level 2.0 Spellcasting
 * Level 3.3 Hexes


You couldn't memorise any spells.
You knew the following spells:

 Your Spells              Type           Power        Failure   Level  Hunger
a - Ensorcelled Hibernat  Hex/Ice        #.....       17%         2    ###....
c - Confuse               Hex            ##......     17%         3    ###....
v - Corona                Hex            ##.....      8%          1    #......


Dungeon Overview and Level Annotations

Branches:
Dungeon (1/15)

Altars:


Innate Abilities, Weirdness & Mutations

You cannot wear boots.
Your serpentine skin is tough (AC +1).
You have supernaturally acute eyesight.
Armour fits poorly on your strangely shaped body.
Your system is resistant to poisons.
You cover ground very slowly.
You have a slow metabolism.
You can spit poison.


Message History

You have got your breath back.
The gnoll looks more healthy.
Aim: a gnoll, wielding a halberd (heavily wounded, softly glowing)
The splash of poison hits the gnoll.
The gnoll is poisoned.
You feel slightly more hungry. The gnoll closely misses you.
The gnoll stops glowing.
The gnoll barely misses you.
You have got your breath back.
You kill the gnoll!
Your Stealth skill increases to level 5!
You have reached level 3!
Your experience leads to an increase in your attributes!
Increase (S)trength, (I)ntelligence, or (D)exterity?
You feel clever.
Your skin feels tougher.
MP restored: 15 You start resting.
Health restored: 28
Things that are here:
a halberd; a gnoll skeleton A rat comes into view.
A rat is nearby!
Aim: a rat (resting, chance to defeat MR: 66%)
Okay, then.
The helpless rat fails to defend itself.
You impale the rat!! You freeze the rat.
You kill the rat!
A hobgoblin comes into view.
You barely miss the hobgoblin.
The hobgoblin shouts!
You hit the hobgoblin but do no damage. The hobgoblin hits you.
You take 3 damage, and have 25/28 hp.
You don't know that spell.
Aim: a hobgoblin, wearing a leather armour (chance to defeat MR: 66%)
The hobgoblin is outlined in light.
The hobgoblin misses you.
You now have 14/15 mp.
You completely miss the hobgoblin. The hobgoblin barely misses you.
You hit the hobgoblin but do no damage. The hobgoblin hits you.
You take 2 damage, and have 23/28 hp.
You hit the hobgoblin but do no damage. The hobgoblin barely misses you.
You hit the hobgoblin but do no damage.
The hobgoblin hits you but does no damage.
You hit the hobgoblin. You freeze the hobgoblin. The hobgoblin hits you.
You take 3 damage, and have 20/28 hp.
You hit the hobgoblin. You freeze the hobgoblin.
You kill the hobgoblin!
MP restored: 15
Things that are here:
a leather armour; a hobgoblin corpse You are feeling hungry.
Things that are here:
a leather armour; a hobgoblin corpse You butcher the hobgoblin corpse.
k - a chunk of flesh {@w0} You see here a leather armour.
Eating a chunk of flesh {@w0}.
You continue eating. x2
You start resting.
Health restored: 28 Memorise Ensorcelled Hibernation, consuming 2 spell levels and leaving 3?
You start memorising the spell.
You continue memorising.
You continue memorising.
You finish memorising.
Spell assigned to 'a'.
Memorise Confuse, consuming 3 spell levels and leaving 0?
You start memorising the spell.
You continue memorising.
You continue memorising. x2
You finish memorising.
Spell assigned to 'c'.
Okay, then.
You see here a leather armour.
You see here a rat corpse.
A gnoll comes into view. It is wielding a flail.
The gnoll shouts!
You barely miss the gnoll. The gnoll hits you with a flail!
You take 7 damage, and have 21/28 hp.
MASSIVE DAMAGE!!
Aim: a gnoll, wielding a flail (chance to defeat MR: 47%)
The gnoll looks drowsy...
You now have 13/15 mp.
The helpless gnoll fails to defend itself.
You puncture the gnoll! You freeze the gnoll.
You kill the gnoll!
You start resting.
Health restored: 28; MP restored: 15 A gnoll comes into view.
It is wielding a whip of electrocution.
A gnoll is nearby!
The gnoll shouts!
You hit the gnoll. You freeze the gnoll.
The gnoll hits you with a whip of electrocution.
You are electrocuted!
Ouch! That really hurt!
* * * LOW HITPOINT WARNING * * *
You take 25 damage, and have 3/28 hp.
MASSIVE DAMAGE!!
Aim: a gnoll, wielding a whip of electrocution (moderately wounded, chance to defeat MR: 47%)
You miscast Ensorcelled Hibernation.
You are very lightly contaminated with residual magic.
Your skin glows momentarily.
The gnoll closely misses you.
You now have 13/15 mp.
Aim: a gnoll, wielding a whip of electrocution (moderately wounded, chance to defeat MR: 47%)
The gnoll resists with some effort.
The gnoll hits you with a whip of electrocution.
You die...

###)#########
#.###...........###
#..................
####.#.#######.###
#.#.# #.# #.#.# #.#
####.#.#######.#
#......##......###
#@##.####.####...)
#g##.####.####.###
#.##...........#
#.#######.######
#.# #.. ###


You could see a gnoll.

Vanquished Creatures
  2 gnolls (D:1)
  2 giant geckos (D:1)
  2 giant cockroaches (D:1)
  A hobgoblin (D:1)
  4 jackals (D:1)
  3 kobolds (D:1)
  2 bats (D:1)
  A giant newt (D:1)
  2 goblins (D:1)
  4 rats (D:1)
23 creatures vanquished.

Notes
Turn   | Place    | Note
--------------------------------------------------------------
     0 | D:1      | futacatgirl the Naga Enchanter began the quest for the Orb.
     0 | D:1      | Reached XP level 1. HP: 15/15 MP: 3/3
   585 | D:1      | Reached XP level 2. HP: 22/22 MP: 5/5
   789 | D:1      | Reached skill level 2 in Dodging
  1027 | D:1      | Reached skill level 5 in Stealth
  1027 | D:1      | Reached XP level 3. HP: 8/28 MP: 6/6
  1355 | D:1      | Learned a level 2 spell: Ensorcelled Hibernation
  1359 | D:1      | Learned a level 3 spell: Confuse
  1523 | D:1      | HP: 3/28 [gnoll/whip of electrocution (20)]
  1525 | D:1      | Slain by a gnoll

Vault maps used:
D:1:      dpeg_arrival_circle_labyrinth_c

Action                   || total
-------------------------++-------
Melee: Dagger            ||    74
 Cast: Corona            ||     7
       Ensorcelled Hiber ||     2
 Abil: Spit Poison       ||     2
 Stab: Sleeping          ||     4
  Eat: Chunk             ||     1

Vault maps used:
D:1:      dpeg_arrival_circle_labyrinth_c

Table legend:
 A = Turns spent in this place as a percentage of turns spent in the entire game.
 B = Non-inter-level travel turns spent in this place as a percentage of non-inter-level travel turns spent in the entire game.
 C = Inter-level travel turns spent in this place as a percentage of turns spent in this place.
 D = Turns resting spent in this place as a percentage of non-inter-level travel turns spent in this place.
 E = Turns spent auto-exploring this place as a percentage of non-inter-level travel turns spent in this place.
 F = Non-inter-level travel turns spent in this place divided by the number of levels of this place that you've seen.
                   A       B       C       D       E      F
               +-------+-------+-------+-------+-------+----------------------
         Total | 100.0 | 100.0 |   0.0 |   6.7 |   9.0 | 268.0
       Dungeon | 100.0 | 100.0 |   0.0 |   6.7 |   9.0 | 268.0
               +-------+-------+-------+-------+-------+----------------------

Table legend:
 A = Kills in this place as a percentage of kills in entire the game.
 B = Kills by you in this place as a percentage of kills by you in the entire game.
 C = Kills by friends in this place as a percentage of kills by friends in the entire game.
 D = Other kills in this place as a percentage of other kills in the entire game.
 E = Experience gained in this place as a percentage of experience gained in the entire game.
 F = Experience gained in this place divided by the number of levels of this place that you have seen.
                   A       B       C       D       E      F
               +-------+-------+-------+-------+-------+----------------------
         Total | 100.0 | 100.0 |  -nan |  -nan | 100.0 |  64.0
       Dungeon | 100.0 | 100.0 |  -nan |  -nan | 100.0 |  64.0
               +-------+-------+-------+-------+-------+----------------------
